 Dungeon Crawl Stone Soup version 0.28-a0-1555-g9ae15a6949 (webtiles) character file.

Game seed: 11039329949780068058

49 lonewolfV2 the Ducker (level 3, -2/36 HPs)
             Began as a Troll Fighter on Jan 18, 2022.
             Succumbed to a goblin's poison
             ... on level 2 of the Dungeon.
             The game lasted 00:01:36 (956 turns).

lonewolfV2 the Ducker (Troll Fighter)                Turns: 956, Time: 00:01:36

Health: -2/36      AC:  4    Str: 26    XL:     3   Next: 53%
Magic:  2/2        EV:  8    Int:  4    God:
Gold:   66         SH:  7    Dex:  9    Spells: 2/2 levels left

rFire   . . .      SeeInvis .     - Unarmed
rCold   . . .      Faith    .   b - +0 kite shield
rNeg    . . .      Spirit   .   a - +0 robe
rPois   .          Reflect  .   (helmet restricted)
rElec   .          Harm     .   (no cloak)
rCorr   .          Rampage  .   (gloves unavailable)
Will    .....                   (boots unavailable)
Stlth   ..........              (no amulet)
HPRegen 0.92/turn               (no ring)
MPRegen 0.08/turn               (no ring)

@: lethally poisoned (-2 -> -12), silenced
A: large, unfitting armour, claws 3, regeneration 1, shaggy fur 1, tough skin 1
a: no special abilities


You were on level 2 of the Dungeon.
You visited 1 branch of the dungeon, and saw 2 of its levels.

You collected 66 gold pieces.

Inventory:

Armour
 a - a +0 robe (worn)
 b - a +0 kite shield (worn)
Potions
 c - 3 potions of might
 d - a potion of berserk rage {unknown}


   Skills:
 + Level 2.7 Fighting
 + Level 3.0 Dodging
 + Level 2.8 Shields
 + Level 2.4 Unarmed Combat


You had 2 spell levels left.
You didn't know any spells.
Your spell library was empty.

Dungeon Overview and Level Annotations

Branches:
Dungeon (2/15)

Altars:

Annotations:
D:2 Robin


Innate Abilities, Weirdness & Mutations

You are too large for most types of armour.
You have claws for hands.
Your natural rate of healing is unusually fast.
You are covered in fur. (AC +1)
You have tough skin. (AC +1)


Message History

The goblin hits the plant with a +0 dagger.
A goblin and a hobgoblin come into view.
The goblin shouts!
Robin throws the goblin at you! You block the goblin's attack.
A goblin comes into view. It is wielding a +0 dagger.
Robin roars a battlecry!
The goblins go into a battle-frenzy!
The goblin hits you with a +1 dagger of venom.
You are poisoned.
A goblin comes into view. It is wielding a +0 club.
You feel very sick.
A nearby plant withers and dies. x2
Robin's bangles clink loudly.
The goblin closely misses you. You block the hobgoblin's attack.
You block the goblin's attack.
You barely miss the goblin.
You feel very sick. Robin throws the goblin at you!
The goblin barely misses you. The goblin hits you with a +0 dagger.
The goblin hits you with a +0 club. The goblin completely misses you.
The hobgoblin barely misses you. The goblin hits you but does no damage.
The goblin barely misses you. Robin throws the goblin at you!
* * * LOW HITPOINT WARNING * * *
The goblin hits you but does no damage. The goblin hits you with a +0 dagger.
* * * LOW HITPOINT WARNING * * *
You claw the goblin!
You kill the goblin!
You feel very sick.
You block the goblin's attack. x2; The hobgoblin barely misses you.
The goblin hits you with a +1 dagger of venom.
* * * LOW HITPOINT WARNING * * *
You are lethally poisoned!
The goblin hits you with a +0 dagger.
* * * LOW HITPOINT WARNING * * *
The goblin hits you with a +0 dagger.
* * * LOW HITPOINT WARNING * * *
Your Dodging skill increases to level 3!
As you read the scroll labelled HYTETAH DYSU, it crumbles to dust.
A profound silence engulfs you.
It was a scroll of silence.
You die...

#.#...###...# .###
#.#................
###.##...#....##.... .
..............##..####.#
######...#...(##.......#
#...............#...#
#.....#..........<...
#.....#.....ggg#.....
#...........g@g......
###...###..gggg......
#...# ###..g...>...
#...# ............ #..##
###?.g....... #.##
.....P..... #.
#.....P≈≈... #.
#P....≈≈≈≈≈.


You could see Robin, 2 hobgoblins and 8 goblins.

Vanquished Creatures
  An adder (D:2)
  2 dart slugs (D:1)
  2 bats (D:1)
  5 endoplasms (D:1)
  3 giant cockroaches (D:1)
  3 goblins
  2 hobgoblins (D:1)
  3 jackals (D:2)
  A quokka (D:1)
  2 ball pythons (D:1)
  5 kobolds (D:1)
  3 rats (D:1)
32 creatures vanquished.

Vanquished Creatures (others)
  2 plants (D:2)
2 creatures vanquished.

Grand Total: 34 creatures vanquished

Notes
Turn   | Place    | Note
-------+----------+-------------------------------------------
     0 | D:1      | lonewolfV2 the Troll Fighter began the quest for the Orb.
     0 | D:1      | Reached XP level 1. HP: 22/22 MP: 0/0
   109 | D:1      | Reached XP level 2. HP: 26/29 MP: 1/1
   194 | D:1      | Found a faded altar of an unknown god.
   437 | D:1      | Reached XP level 3. HP: 36/36 MP: 2/2
   949 | D:2      | Noticed Robin
   955 | D:2      | HP: 1/36 [goblin[Robin] (1)]
   956 | D:2      | Reached skill level 3 in Dodging
   956 | D:2      | Succumbed to a goblin's poison

Illustrated notes

Levels and vault maps discovered:
D:1:      scummos_arrival_simple_fountains, layout_basic,
          hellmonk_ecumenical_altar_blasted
D:2:      layout_basic, guppyfry_early_lair_pool, uniq_robin,
          uniq_crazy_yiuf_cottage

Skill      XL: |  1  2  3 |
---------------+----------+-----
Dodging        | 3 |  3.0
Fighting       | |  2.7
Shields        | |  2.8
Unarmed Combat | |  2.4

Action                   || total
-------------------------++-------
Melee: Unarmed           ||   100
  Use: Potion            ||     1
       Scroll            ||     2
Armor: Robe              ||    74
Dodge: Dodged            ||    63
Block: Kite shield       ||    63

Table legend: (Time is in decaauts)
 A = Elapsed time spent in this place.
 B = Non-inter-level travel time spent in this place.
 C = Inter-level travel time spent in this place.
 D = Time resting spent in this place.
 E = Time spent auto-exploring this place.
 F = Levels seen in this place.
 G = Mean time per level.
                   A        B        C        D        E       F      G
               +--------+--------+--------+--------+--------+-----+--------+
         Total |    964 |    928 |     36 |      0 |    649 |   2 |  482.0 |
       Dungeon |    964 |    928 |     36 |      0 |    649 |   2 |  482.0 |
               +--------+--------+--------+--------+--------+-----+--------+

Top non-repeatable levels by time:
     D:1: 889 daAuts
     D:2: 75 daAuts
